 Dungeon Crawl Stone Soup version 0.31-a0-819-gf6de2f5ab6 (webtiles) character file.

Game seed: 4511799162601184656

221 Shayle the Trooper (level 5, 0/53 HPs)
             Began as an Ogre Hexslinger on Sept 23, 2023.
             Succumbed to a scorpion's poison
             ... on level 5 of the Dungeon.
             The game lasted 00:07:09 (3483 turns).

Shayle the Trooper (Ogre Hexslinger)                Turns: 3483, Time: 00:07:09

Health: 0/53       AC:  5    Str: 12    XL:     5   Next: 98%
Magic:  9/9        EV: 10    Int: 16    God:
Gold:   177        SH:  0    Dex: 11    Spells: 9/9 levels left

rFire   . . .        a - +2 sling (heavy)
rCold   . . .        (no shield)
rNeg    . . .        c - +0 robe
rPois   .            (helmet restricted)
rElec   .            h - +1 cloak
rCorr   .            (gloves unavailable)
SInv    .            (boots unavailable)
Will    .....        (no amulet)
Stlth   +            (no ring)
HPRegen 0.28/turn    (no ring)
MPRegen 0.11/turn

%: no passive effects
@: lethally poisoned (0 -> -7)
A: large, unfitting armour, tough skin 1
a: no special abilities


You were on level 5 of the Dungeon.
You visited 1 branch of the dungeon, and saw 5 of its levels.

You collected 177 gold pieces.

Inventory:

Hand Weapons
 a - a +2 heavy sling (weapon)
Armour
 c - a +0 robe (worn)
 h - a +1 cloak (worn)
Wands
 n - a wand of flame (15)
Scrolls
 f - 6 scrolls of identify
 i - a scroll of revelation
Potions
 b - a potion of invisibility
 d - a potion of cancellation {unknown}


   Skills:
 + Level 3.4 Fighting
 - Level 1.3 Ranged Weapons
 + Level 2.8 Dodging
 + Level 2.8 Spellcasting
 - Level 2.6 Hexes
 + Level 2.3 Fire Magic
 + Level 2.4 Invocations


You had 9 spell levels left.
You didn't know any spells.
Your spell library contained the following spells:

 Spells                   Type           Power      Damage    Failure   Level
 Jinxbite                 Hex            20%        N/A       10%         2
 Sigil of Binding         Hex            10%        N/A       19%         3
 Inner Flame              Hex/Fire       10%        N/A       21%         3
 Cause Fear               Hex            5%         N/A       54%         4
 Dimensional Bullseye     Hex/Tloc       3%         N/A       73%         4


Dungeon Overview and Level Annotations

Branches:
Dungeon (5/15)
 Temple: D:4-7

Altars:
Gozag
Hepliaklqana

Shops:
D:4 *


Innate Abilities, Weirdness & Mutations

You are too large for most types of armour.
You have tough skin. (AC +1)


Message History

A bullfrog, 4 jackals and a scorpion come into view.
Found a beast talisman.
Found a stone staircase leading down.
Blink to where?
Press: ? - help, Dir - move target An orc comes into view.
It is wielding a +0 hand axe.
As you read the scroll of blinking, it crumbles to dust.
An orc comes into view. It is wielding a +0 club.
The orc shouts!
The orc shouts!
You hear a shout! x2; You hear an angry hiss. x2
An orc comes into view. It is wielding a +0 dagger.
Found a potion of curing.
The bullfrog croaks.
You hear a bark! x3
As you read the scroll labelled UMNIUX CUTIA, it crumbles to dust.
It is a scroll of brand weapon.
Your +1 sling becomes incredibly heavy!
a - a +1 heavy sling (weapon)
As you read the scroll labelled EWIAMO JOOS, it crumbles to dust.
It is a scroll of enchant weapon.
Your +1 heavy sling glows red for a moment.
The orc hits you with a +0 club.
* * * LOW HITPOINT WARNING * * *
As you read the scroll labelled LOCID ZUAMUX, it crumbles to dust.
It is a scroll of enchant armour.
Your +0 cloak glows green for a moment.
The bullfrog hits you.
* * * LOW HITPOINT WARNING * * *
The bullfrog hits you but does no damage.
The orc hits you with a +0 club.
* * * LOW HITPOINT WARNING * * *
Unknown command.
Okay, then.
The scorpion stings you.
* * * LOW HITPOINT WARNING * * *
You are lethally poisoned!
The scorpion poisons you! The bullfrog closely misses you.
The orc closely misses you.
You shoot a sling bullet. The orc shouts!
The sling bullet hits the scorpion!
The scorpion is heavily wounded.
You die...

#.. %F.....###.###..#.
##.##......##..# o##
#......s...#..## #.#
#.........##...##..# ##...#.....#
...................###..........#
...>h........o...........o......#
..............o.o...............
.............!.os....##.......#
..h.h..........F@...###..o...##
.....................#........##.
..h............###.......<.......
...#........... #..............
......# .............#. ..#...
......#...$..# . ####
..##...#oo..$.## ..##...S?......#
........o......#


You could see a bullfrog, a scorpion and 5 orcs.

Vanquished Creatures
  A hound (D:3)
  2 orc wizards
  7 gnolls
  2 adders (D:3)
  A dart slug (D:1)
  3 orcs (D:3)
  5 endoplasms
  2 giant cockroaches
  6 hobgoblins
  3 jackals (D:2)
  2 quokkas (D:4)
  2 ball pythons
  2 bats
  2 frilled lizards
  7 goblins
  4 kobolds
  3 rats
54 creatures vanquished.

Notes
Turn   | Place    | Note
-------+----------+-------------------------------------------
     0 | D:1      | Shayle the Ogre Hexslinger began the quest for the Orb.
     0 | D:1      | Reached XP level 1. HP: 19/19 MP: 2/2
    89 | D:1      | Reached skill level 1 in Fire Magic
   101 | D:1      | Reached XP level 2. HP: 28/28 MP: 4/4
   581 | D:1      | Reached skill level 2 in Fighting
   639 | D:2      | Found a hazy altar of Hepliaklqana.
  1109 | D:2      | Reached skill level 1 in Invocations
  1356 | D:2      | Reached XP level 3. HP: 34/35 MP: 5/5
  1417 | D:3      | Reached XP level 4. HP: 31/44 MP: 5/7
  2191 | D:3      | Reached skill level 3 in Fighting
  2191 | D:3      | Reached XP level 5. HP: 20/53 MP: 8/8
  2596 | D:4      | Found Gozag's Platinum Reserve.
  2602 | D:4      | Found an opulent altar of Gozag.
  2686 | D:4      | Noticed an ogre
  2957 | D:3      | HP: 2/53 [something (3)]
  3442 | D:5      | Entered Level 5 of the Dungeon
  3482 | D:5      | HP: 2/53 [scorpion (1)]
  3483 | D:5      | Succumbed to a scorpion's poison

Illustrated notes

Levels and vault maps discovered:
D:1:      dpeg_arrival_simpleton_a, layout_basic, minivault_14,
          palyth_stone_intersect
D:2:      layout_basic, basic_altar, hex_medium, amcnicky_mini_pool_small
D:3:      layout_basic
D:4:      layout_gridville, nicolae_gozag_zags_fifth_avenue,
          minmay_ogre_servants
D:5:      layout_cave_pools, temple_fountains

Skill      XL: |  1  2  3  4 |
---------------+-------------+-----
Fire Magic     | 1 2 |  2.3
Dodging        | 2 |  2.8
Fighting       | 2 3 |  3.4
Invocations    | 1 2 |  2.4
Spellcasting   | 2 |  2.8
Ranged Weapons | |  1.3
Hexes          | |  2.6

Action                     |  1- 3 |  4- 6 || total
---------------------------+-------+-------++-------
   Fire: Sling             |    77 |   237 ||   314
    Use: Potion            |       |     7 ||     7
         Scroll            |       |    12 ||    12
 Armour: Robe              |    35 |   169 ||   204
  Dodge: Dodged            |    18 |    75 ||    93

Table legend: (Time is in decaauts)
 A = Elapsed time spent in this place.
 B = Non-inter-level travel time spent in this place.
 C = Inter-level travel time spent in this place.
 D = Time resting spent in this place.
 E = Time spent auto-exploring this place.
 F = Levels seen in this place.
 G = Mean time per level.
                   A        B        C        D        E       F      G
               +--------+--------+--------+--------+--------+-----+--------+
         Total |   3588 |   3500 |     88 |    227 |   2567 |   5 |  717.6 |
       Dungeon |   3588 |   3500 |     88 |    227 |   2567 |   5 |  717.6 |
               +--------+--------+--------+--------+--------+-----+--------+

Top non-repeatable levels by time:
     D:3: 1456 daAuts
     D:2: 729 daAuts
     D:4: 708 daAuts
     D:1: 651 daAuts
     D:5: 43 daAuts
